 Dungeon Crawl Stone Soup version 0.21-a0-538-gd16b88a (webtiles) character file.

44 Amnesiac the Shield-Bearer (level 3, -2/25 HPs)
             Began as a Halfling Fighter on Dec 15, 2017.
             Slain by a worm (8 damage)
             ... in a sewer.
             The game lasted 00:02:37 (574 turns).

Amnesiac the Shield-Bearer (Halfling Fighter)        Turns: 574, Time: 00:02:37

Health: -2/25      AC:  6    Str: 18    XL:     3   Next: 87%
Magic:  3/3        EV: 10    Int:  6    God:
Gold:   71         SH:  9    Dex: 13    Spells: 2/2 levels left

rFire    . . .     SeeInvis .   b - +0 hunting sling
rCold    . . .     Gourm    .   c - +0 shield
rNeg     . . .     Faith    .   g - +0 scale mail
rPois    .         Spirit   .   (no helmet)
rElec    .         Reflect  .   (no cloak)
rCorr    .         Harm     .   (no gloves)
MR       .....                  (no boots)
Stlth    ..........             l - amulet of regeneration
HPRegen  0.48/turn              (no ring)
MPRegen  0.08/turn              (no ring)

@: lethally poisoned (-2 -> -2)
A: small, mutation resistance 1
a: no special abilities


You were in a sewer.
You were not hungry.

You visited 1 branch of the dungeon, and saw 3 of its levels.
You also visited: Sewer.

You collected 71 gold pieces.

Inventory:

Hand Weapons
 a - a +0 rapier
 b - a +0 hunting sling (weapon)
Missiles
 e - 69 stones
 j - 5 sling bullets (quivered)
Armour
 c - a +0 shield (worn)
 g - a +0 scale mail (worn)
Jewellery
 l - an amulet of regeneration (around neck)
Wands
 o - a wand of acid (8)
Scrolls
 h - a scroll of enchant armour {!r, unknown}
 i - a scroll of fog {!r, unknown}
 m - a scroll of noise {!r, unknown}
 p - a scroll of teleportation {!r, unknown}
Potions
 d - a potion of might {!q}
 k - a potion of heal wounds {!q, unknown}
 n - a potion of brilliance {!q, unknown}
Comestibles
 f - a bread ration
 q - 3 chunks of flesh


   Skills:
 - Level 2.6 Fighting
 - Level 2.4 Short Blades
 * Level 3.1 Slings
 - Level 3.2 Armour
 + Level 2.3 Dodging
 - Level 3.2 Shields


You had 2 spell levels left.
You didn't know any spells.

Dungeon Overview and Level Annotations

Branches:
Dungeon (3/15)

Altars:
Qazlal


Innate Abilities, Weirdness & Mutations

You are small and have problems with some larger weapons.
You are somewhat resistant to further mutation.


Message History

The giant cockroach waves its antennae.
The giant cockroach barely misses you.
Firing (i - inventory. (,) - cycle):
j - 11 sling bullets (quivered)
Press: ? - help, Shift-Dir - straight line, f/p - adder
Aim: an adder You shoot a sling bullet.
The sling bullet barely misses the adder.
The sling bullet misses the frilled lizard.
You feel sick. The bat hits you but does no damage. The bat barely misses you.
The adder bites you. You block the bat's attack.
You block the giant cockroach's attack. You block the bat's attack.
The adder bites you.
* * * LOW HITPOINT WARNING * * *
You are more poisoned.
The adder poisons you! The giant cockroach closely misses you.
Firing (i - inventory. (,) - cycle):
j - 10 sling bullets (quivered)
Press: ? - help, Shift-Dir - straight line, f/p - adder
Aim: an adder You shoot a sling bullet.
The sling bullet barely misses the adder.
The sling bullet misses the frilled lizard.
You feel sick. You block the bat's attack. The bat closely misses you.
The bat hits you but does no damage. The adder barely misses you.
You block the giant cockroach's attack.
The frilled lizard bites you but does no damage.
Firing (i - inventory. (,) - cycle):
j - 9 sling bullets (quivered)
Press: ? - help, Shift-Dir - straight line, f/p - adder
Aim: an adder You shoot a sling bullet.
The sling bullet hits the adder.
The adder is heavily wounded.
You feel sick. You block the bat's attack. The adder misses you.
The giant cockroach bites you but does no damage.
You block the adder's attack. The frilled lizard barely misses you.
Firing (i - inventory. (,) - cycle):
j - 8 sling bullets (quivered)
Press: ? - help, Shift-Dir - straight line, f/p - adder
Aim: an adder (heavily wounded)
You shoot a sling bullet.
The sling bullet closely misses the adder.
The sling bullet misses the bat.
The giant cockroach bites you but does no damage.
The adder closely misses you.
The frilled lizard bites you but does no damage.
The giant cockroach bites you but does no damage.
Firing (i - inventory. (,) - cycle):
j - 7 sling bullets (quivered)
Press: ? - help, Shift-Dir - straight line, f/p - adder
Aim: an adder (heavily wounded)
You shoot a sling bullet.
The sling bullet barely misses the adder.
The sling bullet hits the bat.
You kill the bat!
You feel sick. You block the adder's attack.
The giant cockroach closely misses you. The frilled lizard bites you.
* * * LOW HITPOINT WARNING * * *
You block the adder's attack.
Firing (i - inventory. (,) - cycle):
j - 6 sling bullets (quivered)
Press: ? - help, Shift-Dir - straight line, f/p - adder
Aim: an adder (heavily wounded)
You shoot a sling bullet. The sling bullet hits the adder.
The adder is almost dead.
The giant cockroach bites you.
* * * LOW HITPOINT WARNING * * *
The adder barely misses you. The frilled lizard barely misses you.
The worm bites you!
You die...

..≈#
#..##
#...
#..#
##..##
#....##
##.∩...#
#ws....#
#@Sb.((#
##l..(##
#.(.##
#####


You could see a worm, an adder, a giant cockroach, a bat and a frilled lizard.

Vanquished Creatures
  2 adders
  2 worms
  A dart slug (D:3)
  An orc (D:3)
  2 giant cockroaches
  A goblin (D:1)
  3 hobgoblins
  A ball python (D:3)
  3 bats
  2 frilled lizards (D:3)
  A kobold (D:1)
  2 rats (D:2)
21 creatures vanquished.

Notes
Turn   | Place    | Note
-------+----------+-------------------------------------------
     0 | D:1      | Amnesiac the Halfling Fighter began the quest for the Orb.
     0 | D:1      | Reached XP level 1. HP: 15/15 MP: 1/1
    66 | D:1      | Reached skill level 1 in Dodging
    86 | D:1      | Reached XP level 2. HP: 11/20 MP: 2/2
   231 | D:1      | You fall through a shaft!
   262 | D:2      | Reached skill level 1 in Slings
   312 | D:2      | Reached XP level 3. HP: 25/25 MP: 3/3
   387 | D:3      | Found a stormy altar of Qazlal.
   539 | D:3      | Found a glowing drain.
   558 | Sewer    | Entered a sewer
   574 | Sewer    | Slain by a worm

Vault maps used:
D:1:      minmay_arrival_cross
D:2:      elyvilon_altar_4, grunt_dithmenos_smoke
D:3:      wad_lake_hut, old_standard_altar, cheibrodos_sewer_entry_bend,
          due_unseen_surprise
Sewer:    sewer_fruit_machine

Skill      XL: |  1  2  3 |
---------------+----------+-----
Dodging        | 1 2 |  2.3
Slings         | 2 3 |  3.1
Fighting       | |  2.6
Short Blades   | |  2.4
Armour         | |  3.2
Shields        | |  3.2

Action                   || total
-------------------------++-------
Melee: Rapier            ||    28
 Fire: Hunting sling     ||    62
Armor: Scale mail        ||    31
Dodge: Dodged            ||    35
Block: Shield            ||    47

Table legend:
 A = Spawn XP
 B = Non-spawn XP
 C = Spawn XP percentage of total XP
 D = Spawn monster count
 E = Non-spawn monster count
 F = Spawn count percentage of total count
 G = Total turns spent on level
                    A         B        C        D         E        F      G
               +---------+---------+-------+---------+---------+-------+---------
         Total |       0 |      64 |   0.0 |       0 |      21 |   0.0 |   574
               +---------+---------+-------+---------+---------+-------+---------
           D:1 |       0 |       9 |   0.0 |       0 |       5 |   0.0 |   233
           D:2 |       0 |      24 |   0.0 |       0 |       6 |   0.0 |   123
           D:3 |       0 |      30 |   0.0 |       0 |       9 |   0.0 |   202
         Sewer |       0 |       1 |   0.0 |       0 |       1 |   0.0 |    16
               +---------+---------+-------+---------+---------+-------+---------
